 Dungeon Crawl Stone Soup version 0.27.1-1-g398f81649c (webtiles) character file.

Game seed: 5710369440701254920

1918 BOMJPIETVODKU the Black Crusader (level 8, -3/65 HPs)
             Began as a Demonspawn Monk on Sept 6, 2021.
             Was a Priest of Yredelemnul.
             Succumbed to a gnoll sergeant's poison
             ... on level 6 of the Dungeon.
             The game lasted 00:23:21 (9218 turns).

BOMJPIETVODKU the Black Crusader (Demonspawn Monk)  Turns: 9218, Time: 00:23:22

Health: -3/65      AC: 15    Str: 21    XL:     8   Next: 95%
Magic:  15/15      EV:  9    Int: 11    God:    Yredelemnul [***...]
Gold:   237        SH:  4    Dex: 21    Spells: 7/7 levels left

rFire    . . .     SeeInvis .     - Unarmed
rCold    . . .     Faith    .   (no shield)
rNeg     . . .     Spirit   .   q - +0 chain mail
rPois    .         Reflect  .   (helmet restricted)
rElec    .         Harm     .   (no cloak)
rCorr    .         Rampage  .   h - +0 pair of gloves
Will     .....                  (no boots)
Stlth    ..........             (no amulet)
HPRegen  0.20/turn              i - +6 ring of strength
MPRegen  0.14/turn              m - +6 ring of dexterity

@: lethally poisoned (-3 -> -14), flying
A: antennae 1, thin metallic scales 1, icemail 1, powered by death 1,
condensation shield
a: Renounce Religion, Recall Undead Slaves, Injury Mirror, Animate Dead


You were on level 6 of the Dungeon.
You worshipped Yredelemnul.
Yredelemnul was most pleased with you.
You visited 1 branch of the dungeon, and saw 7 of its levels.

You collected 287 gold pieces.
You spent 50 gold pieces at shops.

Inventory:

Armour
 a - a +0 robe
 d - a +1 helmet
 h - a +0 pair of gloves (worn)
 q - a +0 chain mail (worn)
Jewellery
 i - a +6 ring of strength (left hand)
 m - a +6 ring of dexterity (right hand)
Wands
 r - a wand of flame (9)
Scrolls
 b - 2 scrolls of teleportation
 e - a scroll of amnesia
 g - a scroll of enchant armour
Potions
 c - 4 potions of curing
 f - a potion of flight
 j - 2 potions of heal wounds
 k - a potion of degeneration
 l - a potion of mutation {unknown}
 n - 2 potions of brilliance {unknown}
 o - 3 potions of resistance {unknown}
 p - a potion of lignification {unknown}


   Skills:
 + Level 6.6 Fighting
 - Level 2.7 Dodging
 - Level 1.7 Stealth
 - Level 6.0 Unarmed Combat
 * Level 10.4 Invocations


You had 7 spell levels left.
You didn't know any spells.
Your spell library contained the following spells:

 Spells                   Type           Power      Damage    Failure   Level
 Apportation              Tloc           0%         N/A       99%         1
 Sting                    Tmut/Pois      0%         1d3       99%         1
 Passage of Golubria      Tloc           N/A        N/A       100%        4
 Summon Forest            Summ/Tloc      0%         N/A       100%        5
 Eringya's Noxious Bog    Tmut/Pois      0%         N/A       100%        6
 Statue Form              Tmut/Erth      0%         N/A       100%        6
 Dragon Form              Tmut           0%         N/A       100%        7
 Infestation              Necr           0%         N/A       100%        8


Dungeon Overview and Level Annotations

Branches:
Dungeon (7/15)             Temple (0/1) D:7

Altars:
Ashenzari
Fedhas
Trog
Yredelemnul

Shops:
D:6 *

Annotations:
D:3 3 runed translucent doors, Kala's ghost, amateur MiFi


Innate Abilities, Weirdness & Mutations

You have a pair of small antennae on your head.
You are partially covered in thin metallic scales. (AC +2)
A meltable icy envelope protects you from harm. (AC +4)
You regenerate a little health from kills.
A meltable shield of frost defends you. (SH +4)


Message History

The gnoll sergeant hits you from afar with a +0 spear of venom.
You are lethally poisoned!
* * * LOW HITPOINT WARNING * * *
You feel extremely sick.
You hear the faint creaking of a very distant portcullis.
* * * LOW HITPOINT WARNING * * *
You feel very sick.
* * * LOW HITPOINT WARNING * * *
You feel very sick. The gnoll hits you with a +0 flail.
* * * LOW HITPOINT WARNING * * *
The gnoll sergeant misses you.
* * * LOW HITPOINT WARNING * * *
You feel very sick. The gnoll hits you but does no damage.
You feel better.
The gnoll sergeant hits you from afar with a +0 spear of venom.
* * * LOW HITPOINT WARNING * * *
You are poisoned.
You block the gnoll's attack.
You feel very buoyant.
You fly up into the air.
You feel sick. You block the gnoll sergeant's attack.
The gnoll hits you but does no damage.
You feel sick.
You feel more buoyant.
You feel sick.
You feel sick.
You feel sick.
You feel sick.
You feel sick.
You are no longer poisoned.
There is an open door here.
The gnoll sergeant hits you but does no damage.
There is a stone staircase leading up here.
The gnoll sergeant hits you from afar with a +0 spear of venom.
* * * LOW HITPOINT WARNING * * *
You are lethally poisoned!
You fly upwards.
You die...
Your body rises from the dead as a mindless zombie.

## #.#########....# #.# P#
#.Z.....(......# #.# .#
#.#######.#Z...#
#####.##### ## #.#####
#......# #.........# Z#
#..Z..# ####.###
#.###.###.# ## #####.# #.#
#.# #.###.# # #{# ##'## #.#
#..##.# # ### #Z# ##...##
#.####.##.# # #.###.#
##...@.## #.........# #
#..##Z###...Z.>.##
###.##.#### #
#..)#.##....))...####...#.#
#
#......+.........'........#
#
#......#.........####...#.#
#.Z###.##.......## ##.##.#
####.## #.###.....## ####.#
#.##..# #.# ##...## #.#
#.###.# #.# ##+## #.#


You could see a friendly adder zombie and the friendly Crazy Yiuf the gnoll
zombie.

Vanquished Creatures
  A water moccasin (D:4)
  3 sky beasts
  A centaur (D:5)
  4 ogres
  A phantom (D:4)
  3 scorpions
  A vampire bat (D:5)
  A hound (D:6)
  A jelly (D:5)
  A gnoll shaman (D:6)
  Crazy Yiuf (D:6)
  Terence (D:3)
  3 orc wizards
  A scorpion zombie (D:5)
  2 hound skeletons
  Robin (D:2)
  7 gnolls
  8 adders
  A shadow imp (D:5)
  An ufetubus (D:6)
  4 worms
  3 dart slugs
  2 fire bats (D:5)
  21 orcs
  2 spectral bats (D:5)
  9 ball pythons
  3 bat skeletons (D:5)
  A bat zombie (D:5)
  An endoplasm (D:2)
  3 giant cockroaches
  21 goblins
  14 hobgoblins
  9 jackals
  2 quokkas
  15 bats
  A bat simulacrum (D:5)
  2 frilled lizards
  4 kobolds
  3 rats
163 creatures vanquished.

Vanquished Creatures (collateral kills)
  Prince Ribbit (D:6)
  Blork the orc (D:6)
  An orc wizard (D:6)
  A fire bat (D:5)
  An orc (D:6)
  A goblin (D:4)
6 creatures vanquished.

Vanquished Creatures (others)
  A centaur zombie (D:5)
  4 bat zombies (D:5)
  2 adder zombies
  3 gnoll zombies (D:6)
  A goblin zombie (D:4)
  A human zombie (D:6)
  4 orc zombies (D:6)
  A scorpion zombie (D:5)
  2 sky beast zombies (D:6)
  15 fungi
34 creatures vanquished.

Grand Total: 203 creatures vanquished

Notes
Turn   | Place    | Note
-------+----------+-------------------------------------------
     0 | D:1      | BOMJPIETVODKU the Demonspawn Monk began the quest for the
                  | Orb.
     0 | D:1      | Reached XP level 1. HP: 18/18 MP: 1/1
   188 | D:1      | Got the Disquisition on Sinister Magic and the Compass
   211 | D:1      | Gained mutation: You are partially covered in thin metallic
                  | scales. (AC +2) [demonic ancestry]
   211 | D:1      | Reached XP level 2. HP: 24/24 MP: 2/2
   928 | D:2      | Gained mutation: A meltable shield of frost defends you.
                  | (SH +4) [demonic ancestry]
   928 | D:2      | Reached XP level 3. HP: 27/29 MP: 3/3
  1734 | D:3      | Gained mutation: A meltable icy envelope protects you from
                  | harm. (AC +4) [demonic ancestry]
  1734 | D:3      | Reached XP level 4. HP: 28/37 MP: 4/4
  2289 | D:3      | Found a runed translucent gate.
  2289 | D:3      | Found a runed translucent gate.
  2291 | D:3      | Found a runed translucent gate.
  2291 | D:3      | Noticed Kala's ghost (amateur MiFi)
  2294 | D:3      | Noticed an ice beast
  2345 | D:3      | Noticed Terence
  2356 | D:3      | Killed Terence
  2640 | D:3      | Gained mutation: You regenerate a little health from kills.
                  | [demonic ancestry]
  2640 | D:3      | Reached XP level 5. HP: 34/42 MP: 5/5
  2708 | D:3      | Got the Compendium of Virous Transmigration
  2717 | D:3      | Noticed Robin
  3223 | D:3      | Reached skill level 5 in Unarmed Combat
  3248 | D:2      | Killed Robin
  3826 | D:4      | Reached XP level 6. HP: 46/49 MP: 6/6
  4045 | D:4      | Found a bloodstained altar of Trog.
  4194 | D:4      | Found a basalt altar of Yredelemnul.
  4195 | D:4      | Found a broken altar of Ashenzari.
  4208 | D:4      | Became a worshipper of Yredelemnul the Dark
  4208 | D:4      | Reached * piety under Yredelemnul
  4208 | D:4      | Reached ** piety under Yredelemnul
  4249 | D:4      | Noticed a water moccasin
  4271 | D:4      | Killed a water moccasin
  4272 | D:4      | Reached skill level 2 in Invocations
  4500 | D:4      | Reached skill level 3 in Invocations
  4500 | D:4      | Gained mutation: You have a pair of small antennae on your
                  | head. [demonic ancestry]
  4500 | D:4      | Reached XP level 7. HP: 37/55 MP: 9/9
  4619 | D:4      | Reached skill level 5 in Fighting
  4619 | D:4      | Reached skill level 4 in Invocations
  5165 | D:5      | Entered Level 5 of the Dungeon
  5287 | D:5      | Reached skill level 5 in Invocations
  5755 | D:5      | Reached skill level 6 in Invocations
  6156 | D:5      | Reached XP level 8. HP: 38/64 MP: 11/13
  6344 | D:5      | Reached skill level 7 in Invocations
  6455 | D:5      | Reached *** piety under Yredelemnul
  6739 | D:6      | Reached skill level 8 in Invocations
  7063 | D:6      | Noticed Prince Ribbit
  7085 | D:6      | Killed Prince Ribbit
  7086 | D:6      | Reached skill level 9 in Invocations
  7609 | D:6      | Found a blossoming altar of Fedhas.
  7647 | D:6      | Reached skill level 10 in Invocations
  7675 | D:6      | Noticed Blork the orc
  7690 | D:6      | Killed Blork the orc
  7864 | D:6      | Your ally Prince Ribbit died
  7868 | D:6      | Your ally Blork died
  8670 | D:6      | Found Padoch's Assorted Antiques.
  8676 | D:6      | Bought a fizzy inky potion for 25 gold pieces
  8676 | D:6      | Bought a coppery potion for 25 gold pieces
  8996 | D:6      | Found a runed translucent door.
  8997 | D:6      | Noticed Crazy Yiuf
  9006 | D:6      | Killed Crazy Yiuf
  9166 | D:7      | Found a staircase to the Ecumenical Temple.
  9202 | D:7      | HP: 3/65 [poisoned by a gnoll sergeant]
  9217 | D:7      | HP: 1/65 [gnoll sergeant (4)]
  9218 | D:6      | Succumbed to a gnoll sergeant's poison

Illustrated notes

Levels and vault maps discovered:
D:1:      eino_arrival_water_star, layout_basic
D:2:      layout_loops_ring
D:3:      layout_rooms, gammafunk_ghost_split, uniq_terence, uniq_robin
D:4:      layout_loops_ring, mainiacjoe_overflow_24_doors,
          gammafunk_temple_overflow_pools, serial_aquarium,
          aquarium_bridge_island_large [aquarium_subvault_large_water,
          aquarium_subvault_bridge, aquarium_subvault_wall,
          aquarium_subvault_bridge, aquarium_subvault_wall],
          aquarium_bridge_square [aquarium_subvault_bridge,
          aquarium_subvault_wall, aquarium_subvault_bridge,
          aquarium_subvault_wall], aquarium_window_fake, aquarium_window_fake,
          aquarium_window_corner, aquarium_view_2c, aquarium_balcony_3b,
          columned_hall_lemuel, minmay_ogre_servants
D:5:      layout_basic, goddamned_bats
D:6:      layout_loops_corners, lemuel_tele_altar, serial_shops, shop,
          uniq_crazy_yiuf_cottage, uniq_prince_ribbit1, uniq_blork_the_orc
D:7:      layout_basic, minmay_temple_entry_wispy, enter_bailey_7,
          patterned_corridor

Skill      XL: |  1  2  3  4  5  6  7  8 |
---------------+-------------------------+-----
Unarmed Combat | 3 4 5 6 |  6.0
Fighting       | 4 5 6 |  6.6
Invocations    | 3 6 10 | 10.4
Dodging        | |  2.7
Stealth        | |  1.7

Action                   |  1- 3 |  4- 6 |  7- 9 || total
-------------------------+-------+-------+-------++-------
Melee: Unarmed           |   179 |   280 |   284 ||   743
       Punch             |     3 |     3 |    13 ||    19
Invok: Animate Remains   |       |       |    10 ||    10
       Recall Undead Sla |       |       |     4 ||     4
       Animate Dead      |       |       |    12 ||    12
  Use: Potion            |     1 |       |     3 ||     4
       Scroll            |       |     9 |     1 ||    10
 Stab: Sleeping          |     8 |     2 |     5 ||    15
       Distracted        |       |       |     2 ||     2
Armor: Robe              |    53 |   113 |   100 ||   266
       Chain mail        |       |       |     9 ||     9
Dodge: Dodged            |    99 |   190 |   170 ||   459
Block: Other             |    11 |    66 |    53 ||   130
